 Dungeon Crawl Stone Soup version 0.31-a0-278-g485e682e34 (webtiles) character file.

Game seed: 177198444553604720

548 BritishOli the Trooper (level 7, -3/55 HPs)
             Began as a Demonspawn Fighter on July 16, 2023.
             Slain by a small abomination (11 damage)
             ... on level 5 of the Dungeon.
             The game lasted 00:04:48 (3237 turns).

BritishOli the Trooper (Demonspawn Fighter)         Turns: 3237, Time: 00:04:48

Health: -3/55      AC: 11    Str: 18    XL:     7   Next: 7%
Magic:  7/7        EV:  9    Int:  9    God:
Gold:   181        SH:  5    Dex: 13    Spells: 6/6 levels left

rFire   . . .        a - +0 long sword
rCold   . . .        c - +0 buckler
rNeg    . . .        b - +0 scale mail
rPois   .            (helmet restricted)
rElec   .            o - +0 cloak
rCorr   .            (no gloves)
SInv    .            h - +2 pair of boots
Will    .....        (no amulet) Stlth
                     (no ring)
HPRegen 0.29/turn    (no ring)
MPRegen 0.10/turn

%: no passive effects
@: mighty
A: horns 1, foul stench 2, powered by pain 2
a: no special abilities


You were on level 5 of the Dungeon.
You visited 1 branch of the dungeon, and saw 5 of its levels.

You collected 181 gold pieces.

Inventory:

Hand Weapons
 a - a +0 long sword (weapon)
Armour
 b - a +0 scale mail (worn)
 c - a +0 buckler (worn)
 h - a +2 pair of boots (worn)
 o - a +0 cloak (worn)
Scrolls
 e - 3 scrolls of fog {unknown}
 f - 4 scrolls of identify {unknown}
 g - a scroll of noise {unknown}
 i - 2 scrolls of brand weapon {unknown}
 k - a scroll of immolation {unknown}
 l - 2 scrolls of revelation {unknown}
 n - 2 scrolls of teleportation {unknown}
Potions
 d - a potion of might
 j - a potion of cancellation {unknown}
 m - 2 potions of mutation {unknown}


   Skills:
 + Level 4.8 Fighting
 + Level 3.8 Long Blades
 + Level 4.3 Armour
 + Level 4.3 Shields


You had 6 spell levels left.
You didn't know any spells.
Your spell library contained the following spells:

 Spells                   Type           Power      Damage    Failure   Level
 Sublimation of Blood     Necr           0%         N/A       93%         2
 Petrify                  Tmut/Erth      0%         N/A       100%        4
 Irradiate                Conj/Tmut      0%         3d11      100%        5


Dungeon Overview and Level Annotations

Branches:
Dungeon (5/15)             Temple (0/1) D:4

Altars:
Vehumet
Wu Jian

Shops:
D:1 ?   D:5 *

Portals:
Abyss: D:5

Annotations:
D:2 Sigmund
D:5 1 transporter, Morbidden's ghost, novice OpSh


Innate Abilities, Weirdness & Mutations

You have a pair of small horns on your head.
You sometimes emit foul miasma when damaged in melee.
You sometimes gain power by taking damage.


Message History

No target in view!
Partly explored, unvisited transporter.
No target in view!
Partly explored, unvisited transporter.
No target in view!
There is a transporter here.
You enter the transporter and appear at another place.
You hit the small abomination but do no damage.
The small abomination closely misses you.
You hit the small abomination but do no damage.
Your headbutt misses the small abomination.
The small abomination hits you!
You emit a cloud of foul miasma!
You barely miss the small abomination.
The small abomination barely misses you.
You barely miss the small abomination.
Your headbutt misses the small abomination.
The small abomination hits you!! The small abomination hits you!
You focus on the pain.
You feel very mighty all of a sudden.
You are too injured to fight recklessly!
Unknown command.
You hit the small abomination.
The small abomination is moderately damaged.
The small abomination barely misses you.
You barely miss the small abomination.
The small abomination is moderately damaged.
The small abomination hits you.
* * * LOW HITPOINT WARNING * * *
You completely miss the small abomination.
The small abomination is moderately damaged.
The small abomination hits you but does no damage.
You closely miss the small abomination. You headbutt the small abomination!
The small abomination is heavily damaged.
The small abomination closely misses you.
The small abomination hits you!
* * * LOW HITPOINT WARNING * * *
You slash the small abomination! You headbutt the small abomination.
The small abomination is almost destroyed.
The small abomination hits you!
You die...

##.###.........# #.^ ###^#.##..
###.##..#...#...##.#..##.#.K###..
.......##.###....##K#.#..##W##..)
..>.......###.....#...##..###....
..................#..###...).....
.......######...###..^.##........
........### #...#..#..:######....
..........###..##...###. ##.##...
#.#######..##..#@x.##.# ^...x#...
.........#.##..##.##..##..####...
.#######........###....####......
.# #...##.................... ##
####.####....................
##....# #....#####...########
####..#### #....# #...# .....##
#....# #...# ###### #....# #...#


You could see a small abomination.

Vanquished Creatures
  An ice beast (D:5)
  A black bear (D:4)
  A jelly (D:4)
  A sleepcap (D:5)
  Jessica (D:3)
  An iguana (D:4)
  2 orc wizards (D:4)
  4 gnolls (D:4)
  7 adders
  2 dart slugs
  14 orcs
  6 bats
  5 endoplasms
  3 giant cockroaches
  10 goblins
  9 hobgoblins
  3 kobolds
  2 quokkas
  7 ball pythons
  A frilled lizard (D:1)
  2 rats
83 creatures vanquished.

Notes
Turn   | Place    | Note
-------+----------+-------------------------------------------
     0 | D:1      | BritishOli the Demonspawn Fighter began the quest for the
                  | Orb.
     0 | D:1      | Reached XP level 1. HP: 18/18 MP: 1/1
    59 | D:1      | Found Ximnuvoa's Magic Scroll Boutique.
   150 | D:1      | You fall into a shaft and drop 1 floor!
   177 | D:2      | Noticed Sigmund
   199 | D:1      | Gained mutation: You may rarely emit foul miasma when
                  | damaged in melee. [demonic ancestry]
   199 | D:1      | Reached XP level 2. HP: 21/24 MP: 2/2
  1052 | D:3      | Gained mutation: You sometimes gain a little power by
                  | taking damage. [demonic ancestry]
  1052 | D:3      | Reached XP level 3. HP: 29/29 MP: 3/3
  1065 | D:3      | Noticed Jessica
  1073 | D:3      | Killed Jessica
  1167 | D:3      | Gained mutation: You have a pair of small horns on your
                  | head. [demonic ancestry]
  1167 | D:3      | Reached XP level 4. HP: 28/35 MP: 4/4
  1249 | D:3      | Found an ornate altar of the Wu Jian Council.
  1471 | D:3      | Found a radiant altar of Vehumet.
  1940 | D:4      | Gained mutation: You sometimes emit foul miasma when
                  | damaged in melee. [demonic ancestry]
  1940 | D:4      | Reached XP level 5. HP: 36/42 MP: 5/5
  2041 | D:4      | Reached XP level 6. HP: 24/48 MP: 6/6
  2192 | D:4      | Found a staircase to the Ecumenical Temple.
  2670 | D:5      | Entered Level 5 of the Dungeon
  2670 | D:5      | Found Dogan's General Store.
  2688 | D:5      | Found a transporter.
  2710 | D:5      | Noticed an ice beast
  2730 | D:5      | Killed an ice beast
  2809 | D:5      | Gained mutation: You sometimes gain power by taking damage.
                  | [demonic ancestry]
  2809 | D:5      | Reached XP level 7. HP: 50/55 MP: 7/7
  2960 | D:5      | Noticed a toenail golem
  2992 | D:5      | Found a transporter.
  2998 | D:5      | Noticed Morbidden's ghost (novice OpSh)
  3011 | D:5      | Found a one-way gate to the infinite horrors of the Abyss.
  3237 | D:5      | Slain by a small abomination

Illustrated notes

Levels and vault maps discovered:
D:1:      scummos_arrival_gate, layout_rooms, serial_shops, shop_statue,
          kennysheep_flooded_box, amcnicky_mini_pool_small, st_stairs_9,
          roderic_filled_cross
D:2:      cheibrodos_helix_gallery, layout_basic, serial_shops, shop,
          uniq_sigmund
D:3:      layout_basic, nzn_wu_jian_contemplation, mainiacjoe_overflow_alcove_4,
          minmay_shallow_snake_nest, uniq_jessica
D:4:      layout_basic, minmay_temple_entry_hall
D:5:      layout_rooms, gammafunk_ghost_abyssal_escape, serial_shops, shop

Skill      XL: |  1  2  3  4  5  6 |
---------------+-------------------+-----
Long Blades    | 2 3 |  3.8
Shields        | 3 4 |  4.3
Armour         | 3 4 |  4.3
Fighting       | 4 |  4.8

Action                     |  1- 3 |  4- 6 |  7- 9 || total
---------------------------+-------+-------+-------++-------
  Melee: Long sword        |   112 |   140 |    18 ||   270
         Headbutt          |       |    21 |     4 ||    25
 Armour: Scale mail        |   101 |    91 |     1 ||   193
  Dodge: Dodged            |    72 |    69 |     7 ||   148
  Block: Buckler           |    33 |    39 |     2 ||    74

Table legend: (Time is in decaauts)
 A = Elapsed time spent in this place.
 B = Non-inter-level travel time spent in this place.
 C = Inter-level travel time spent in this place.
 D = Time resting spent in this place.
 E = Time spent auto-exploring this place.
 F = Levels seen in this place.
 G = Mean time per level.
                   A        B        C        D        E       F      G
               +--------+--------+--------+--------+--------+-----+--------+
         Total |   3319 |   3193 |    126 |    279 |   2243 |   5 |  663.8 |
       Dungeon |   3319 |   3193 |    126 |    279 |   2243 |   5 |  663.8 |
               +--------+--------+--------+--------+--------+-----+--------+

Top non-repeatable levels by time:
     D:3: 946 daAuts
     D:4: 913 daAuts
     D:1: 780 daAuts
     D:5: 578 daAuts
     D:2: 101 daAuts
